 Dungeon Sprint DCSS version 0.30.1-6-gbe392663c4 (webtiles) character file.

Game seed: 4309609879001517977

12981 Heoruswealwe the Phalangite (level 11, -3/118 HPs)
             Began as a Minotaur Fighter on Sept 20, 2023.
             Was the Champion of the Shining One.
             Slain by an orc knight
             ... wielding a +0 bardiche
              (41 damage)
             ... in the Dungeon (Sprint IX: "|||||||||||||||||||||||||||||").
             The game lasted 00:15:37 (1157 turns).

Heoruswealwe the Phalangite (Minotaur Fighter)      Turns: 1157, Time: 00:15:37

Health: -3/118     AC: 30    Str: 25    XL:     11   Next: 69%
Magic:  10/10      EV:  8    Int:  5    God:    the Shining One [******]
Gold:   1272       SH:  0    Dex: 10    Spells: 10/10 levels left

rFire   . . .        b - +2 halberd (protect)
rCold   . . .        (shield currently unavailable)
rNeg    + + +        c - +0 plate armour
rPois   .            (helmet restricted)
rElec   .            h - +0 cloak
rCorr   .            f - +0 pair of gloves
SInv    .            e - +0 pair of boots
Will    .....        (no amulet) Stlth
                     (no ring)
HPRegen 0.39/turn    (no ring)
MPRegen 0.12/turn

%: no teleportation
@: under a protective aura, glowing
A: horns 2, retaliatory headbutt
a: Renounce Religion, Divine Shield, Cleansing Flame, Summon Divine Warrior,
Brand Weapon With Holy Wrath


You were in the Dungeon.
You worshipped the Shining One.
The Shining One was exalted by your worship.
You visited 1 branch You collected 1272 gold pieces.

Inventory:

Hand Weapons
 a - a +0 trident
 b - a +2 halberd of protection (weapon)
Armour
 c - a +0 plate armour (worn)
 d - a +0 buckler
 e - a +0 pair of boots (worn)
 f - a +0 pair of gloves (worn)
 h - a +0 cloak (worn)
Wands
 m - a wand of light (10)
Scrolls
 j - 3 scrolls of blinking
 l - 5 scrolls of identify
Potions
 g - 4 potions of haste
 i - a potion of mutation
 n - 3 potions of curing


   Skills:
 + Level 17.9 Fighting
 * Level 24.0 Polearms
 + Level 17.9 Armour
 - Level 3.6 Shields


You had 10 spell levels left.
You didn't know any spells.
Your spell library was empty.

Dungeon Overview and Level Annotations

Branches:
Dungeon (1/1)

Altars:
Cheibriados
Dithmenos
Elyvilon
Fedhas
Gozag
Hepliaklqana
Kikubaaqudgha
Makhleb
Nemelex Xobeh
Okawaru
Qazlal
Ru
Sif Muna
Trog
Uskayaw
Vehumet
Wu Jian
Xom
Yredelemnul
Zin
The Shining One
Jiyva
Lugonu

Shops:
D [


Innate Abilities, Weirdness & Mutations

You have a pair of horns on your head.
You reflexively headbutt those who attack you in melee.


Message History

The orcs go into a battle-frenzy!
Found 250 gold pieces.
Found Nynt's Antique Armour Emporium.
You puncture the orc knight!
Your weapon exudes an aura of protection.
The orc knight is moderately wounded.
An orc warrior comes into view. It is wielding a +0 war axe.
The orc knight hits you with a +0 long sword!!
The orc knight hits you but does no damage.
The orc warrior shouts!
You hit the orc knight.
The orc knight is moderately wounded.
The orc knight roars a battlecry!
The orc knight goes into a battle-frenzy!
The orc knight hits you but does no damage.
You slash the orc knight!
The orc knight is heavily wounded.
You puncture the orc knight!
The orc knight is heavily wounded.
The orc knight hits you with a +0 long sword!!
An orc knight comes into view. It is wielding a +0 battleaxe.
The orc knight hits you from afar with a +0 bardiche!
The orc knight shouts!
You impale the orc knight!!
The orc knight is almost dead.
The orc knight hits you with a +0 long sword!
The orc knight barely misses you.
You hit the orc knight but do no damage.
You headbutt the orc knight, but do no damage.
The orc knight is almost dead.
You feel much better.
The orc knight roars a battlecry!
The orc knight hits you with a +0 long sword!
The orc knight hits you but does no damage.
You feel better.
The orc knight hits you from afar with a +0 bardiche!!
The orc knight hits you with a +0 long sword!
* * * LOW HITPOINT WARNING * * *
You feel better.
The orc knight hits you from afar with a +0 bardiche!!!
You die...

~~+,,,,,,,,,+,,,,,,,,,+,,,,,,,,,+
*********************************
,,,,,,,,,,,,,,,,,,,,,,,,,,,,,,,,,
*********************************
,,,,,,,,,,,,,,,,,,,+,,,,,,,,,,,,,
*********************************
,,,,,,,,,,,,,,,,,,,,,,,,,,,,,,,,,
▓▓▓▓▓▓▓▓▓▓▓▓▓▓▓▓▓▓▓▓▓▓▓▓*********
....')).........@ooooooo,∩,∩,∩,,,
▓▓▓▓▓▓▓▓▓▓▓▓▓▓▓▓▓▓▓▓▓▓▓▓▓▓▓▓▓▓▓▓▓
.................................
▓▓▓▓▓▓▓▓▓▓▓▓▓▓▓▓▓▓▓▓▓▓▓▓▓▓▓▓▓▓▓▓▓
........†.........†........)!(!'.
▓▓▓▓▓▓▓▓▓▓▓▓▓▓▓▓▓▓▓▓▓▓▓▓▓▓▓▓▓▓▓▓▓
.................................
▓▓▓▓▓▓▓▓▓▓▓▓▓▓▓▓▓▓▓▓▓▓▓▓▓▓▓▓▓▓▓▓▓
__________________'!?).[.[==[.)).


You could see 5 orc knights and 2 orc warriors.

Vanquished Creatures
  2 two-headed ogres (D)
  A centaur warrior (D)
  A death yak (D)
  2 orc high priests (D)
  A skyshark (D)
  2 orc knights (D)
  An ugly thing (D)
  2 orc sorcerers (D)
  An elephant (D)
  3 black mambas (D)
  A guardian serpent (shapeshifter) (D)
  4 cane toads (D)
  A kobold demonologist (D)
  2 komodo dragons (D)
  3 trolls (D)
  A meliai (D)
  A slime creature (D)
  A yak (D)
  A basilisk (D)
  A warg (D)
  A hell hound (D)
  2 water moccasins (D)
  8 orc warriors (D)
  6 wolves (D)
  A kobold brigand (D)
  3 bullfrogs (D)
  2 scorpions (D)
  3 orc priests (D)
  An orc wizard (D)
  An iguana (D)
  An adder (D)
  7 orcs (D)
  An endoplasm (D)
  2 hobgoblins (D)
  A bat (D)
  A frilled lizard (D)
73 creatures vanquished.

Notes
Turn   | Place    | Note
-------+----------+-------------------------------------------
     0 | D        | Heoruswealwe the Minotaur Fighter began the quest for the
                  | Orb.
     0 | D        | Reached XP level 1. HP: 19/19 MP: 0/0
     6 | D        | Reached skill level 3 in Polearms
    19 | D        | Noticed an iguana
    19 | D        | Noticed a scorpion
    19 | D        | Noticed a water moccasin
    19 | D        | Noticed a scorpion
    24 | D        | Killed an iguana
    25 | D        | Reached skill level 5 in Fighting
    25 | D        | Reached skill level 5 in Polearms
    25 | D        | Reached skill level 5 in Armour
    25 | D        | Reached XP level 2. HP: 29/29 MP: 1/1
    25 | D        | Reached XP level 3. HP: 36/36 MP: 2/2
    27 | D        | Killed a scorpion
    28 | D        | Reached skill level 7 in Polearms
    28 | D        | Reached XP level 4. HP: 44/44 MP: 3/3
    32 | D        | Killed a water moccasin
    33 | D        | Reached skill level 9 in Polearms
    33 | D        | Reached XP level 5. HP: 52/52 MP: 4/4
    35 | D        | Reached skill level 10 in Polearms
    42 | D        | Found a snail-covered altar of Cheibriados.
    42 | D        | Found a shadowy altar of Dithmenos.
    42 | D        | Found a white marble altar of Elyvilon.
    42 | D        | Found a blossoming altar of Fedhas.
    42 | D        | Found an opulent altar of Gozag.
    43 | D        | Found a hazy altar of Hepliaklqana.
    44 | D        | Found a viscous altar of Jiyva.
    45 | D        | Found an ancient bone altar of Kikubaaqudgha.
    46 | D        | Found a corrupted altar of Lugonu.
    47 | D        | Found a burning altar of Makhleb.
    48 | D        | Found a sparkling altar of Nemelex Xobeh.
    49 | D        | Found an iron altar of Okawaru.
    50 | D        | Found a stormy altar of Qazlal.
    51 | D        | Found a sacrificial altar of Ru.
    52 | D        | Found a shimmering blue altar of Sif Muna.
    53 | D        | Found a bloodstained altar of Trog.
    54 | D        | Found a hide-covered altar of Uskayaw.
    55 | D        | Found a radiant altar of Vehumet.
    56 | D        | Found an ornate altar of the Wu Jian Council.
    57 | D        | Found a shimmering altar of Xom.
    58 | D        | Found a basalt altar of Yredelemnul.
    59 | D        | Found a glowing silver altar of Zin.
    60 | D        | Found a glowing golden altar of the Shining One.
    68 | D        | Became a worshipper of the Shining One
   109 | D        | Noticed a troll
   109 | D        | Noticed a two-headed ogre
   109 | D        | Noticed a two-headed ogre
   109 | D        | Reached * piety under the Shining One
   109 | D        | Noticed a troll
   109 | D        | Noticed a kobold demonologist
   112 | D        | Killed a troll
   113 | D        | Reached skill level 12 in Polearms
   113 | D        | Reached XP level 6. HP: 48/64 MP: 5/5
   115 | D        | Killed a two-headed ogre
   116 | D        | Reached skill level 14 in Polearms
   116 | D        | Reached XP level 7. HP: 57/74 MP: 6/6
   116 | D        | Reached XP level 8. HP: 63/82 MP: 7/7
   118 | D        | Killed a two-headed ogre
   119 | D        | Reached skill level 16 in Polearms
   122 | D        | Killed a troll
   133 | D        | Killed a kobold demonologist
   133 | D        | Reached ** piety under the Shining One
   134 | D        | Reached skill level 17 in Polearms
   134 | D        | Reached XP level 9. HP: 62/92 MP: 8/8
   145 | D        | Noticed a guardian serpent
   145 | D        | Noticed a centaur warrior
   145 | D        | Noticed a meliai
   145 | D        | Reached *** piety under the Shining One
   145 | D        | Noticed a purple ugly thing
   145 | D        | Noticed a troll
   148 | D        | Killed a guardian serpent
   150 | D        | Killed a centaur warrior
   151 | D        | Reached skill level 18 in Polearms
   153 | D        | Killed a meliai
   161 | D        | Killed a purple ugly thing
   162 | D        | Reached skill level 19 in Polearms
   164 | D        | Killed a troll
   165 | D        | Reached XP level 10. HP: 63/104 MP: 9/9
   319 | D        | Noticed an elephant
   319 | D        | Reached **** piety under the Shining One
   319 | D        | Noticed a cane toad
   319 | D        | Noticed a black mamba
   325 | D        | Killed an elephant
   327 | D        | Killed a cane toad
   328 | D        | Reached skill level 20 in Polearms
   330 | D        | Killed a black mamba
   331 | D        | Reached skill level 15 in Fighting
   331 | D        | Reached skill level 15 in Armour
   339 | D        | Reached ***** piety under the Shining One
   536 | D        | Noticed a skyshark
   536 | D        | Noticed a black mamba
   536 | D        | Noticed a black mamba
   536 | D        | Noticed a cane toad
   536 | D        | Noticed a cane toad
   542 | D        | Killed a skyshark
   542 | D        | Noticed a death yak
   543 | D        | Reached skill level 21 in Polearms
   547 | D        | Killed a black mamba
   550 | D        | Noticed a cane toad
   552 | D        | Killed a black mamba
   561 | D        | Killed a death yak
   562 | D        | Killed a cane toad
   563 | D        | Reached skill level 22 in Polearms
   563 | D        | Reached XP level 11. HP: 71/115 MP: 10/10
   706 | D        | Reached ****** piety under the Shining One
   899 | D        | Noticed an orc sorcerer
   904 | D        | Killed an orc sorcerer
   951 | D        | Noticed an orc high priest
   951 | D        | Noticed an orc sorcerer
   957 | D        | Killed an orc high priest
   957 | D        | Paralysed by an orc sorcerer for 3 turns
   958 | D        | Reached skill level 23 in Polearms
   961 | D        | Killed an orc sorcerer
   968 | D        | Noticed an orc knight
   978 | D        | Noticed an orc knight
   997 | D        | Killed an orc knight
  1003 | D        | Noticed an orc high priest
  1007 | D        | Killed an orc knight
  1029 | D        | Killed an orc high priest
  1030 | D        | Reached skill level 24 in Polearms
  1148 | D        | Found Nynt's Antique Armour Emporium.
  1148 | D        | Noticed an orc knight
  1148 | D        | Noticed an orc knight
  1148 | D        | Noticed an orc knight
  1148 | D        | Noticed an orc knight
  1152 | D        | Noticed an orc knight
  1157 | D        | Slain by an orc knight

Illustrated notes

Levels and vault maps discovered:
D:        linesprint [early_d, line_temple, items_1, d_10, items_2, lair_1,
          lair_end, items_3, orc_1, orc_end, items_4, d_15, swamp_1, shoals_1,
          snake_1, spider_1, d_20, vaults_1, items_5, swamp_end, shoals_end,
          snake_end, spider_end, vaults_end, d_27, items_6, zot_1, zot_end,
          crypt_end, forest_end, elf_end, slime_end, tomb_end, abyss_end,
          pan_hell_end]

Skill      XL: |  1  2  3  4  5  6  7  8  9 10 11 |
---------------+----------------------------------+-----
Polearms       | 5 7 9 12 14 17 19 22 24 | 24.0
Fighting       | 5 6 7 9 11 12 14 16 17 | 17.9
Armour         | 5 6 7 9 11 12 14 16 17 | 17.9
Shields        | |  3.6

Action                     |  1- 3 |  4- 6 |  7- 9 | 10-12 || total
---------------------------+-------+-------+-------+-------++-------
  Melee: Trident           |    15 |     8 |       |       ||    23
         Headbutt          |     2 |     6 |     4 |    38 ||    50
         Halberd           |       |     4 |    32 |   187 ||   223
    Use: Potion            |     1 |     2 |       |     7 ||    10
         Scroll            |       |       |       |     1 ||     1
 Armour: Scale mail        |       |     2 |       |       ||     2
         Ring mail         |       |     3 |     4 |    22 ||    29
         Plate armour      |       |       |       |    23 ||    23
  Dodge: Dodged            |     3 |     3 |     4 |    34 ||    44
  Block: Buckler           |     3 |       |       |       ||     3
